 Dungeon Sprint DCSS version 0.32-a0-473-gd044c6f0f0 (webtiles) character file.

Game seed: 10869272266316405195

4412 rocky1 the Severer (level 10, -7/107 HPs)
             Began as a Mountain Dwarf Fighter on Feb 26, 2024.
             Was an Initiate of Gozag.
             Mangled by a tyrant leech (17 damage)
             ... in the Dungeon (Sprint III: "The Ten Rune Challenge").
             The game lasted 00:09:49 (2920 turns).

rocky1 the Severer (Mountain Dwarf Fighter)         Turns: 2920, Time: 00:09:50

Health: -7/107     AC: 18    Str: 23    XL:     10   Next: 14%
Magic:  16/16      EV: 10    Int:  9    God:    Gozag
Gold:   1295       SH: 10    Dex:  9    Spells: 14/17 levels left

rFire   + . .        n - +3 broad axe (freeze)
rCold   . . .        g - +1 kite shield {AC+3}
rNeg    . . .        f - +4 scale mail {rF+}
rPois   .            (no helmet)
rElec   .            (no cloak)
rCorr   .            (no gloves)
SInv    .            c - +2 pair of boots {Stlth+}
Will    +....        (no amulet)
Stlth   +            (no ring)
HPRegen 0.37/turn    (no ring)
MPRegen 0.15/turn

%: no teleportation
@: no status effects
A: runic magic, artefact enchanting
a: Renounce Religion, Potion Petition, Call Merchant, Bribe Branch


You were in the Dungeon.
You worshipped Gozag.
Gozag was most pleased with you.
You visited 1 branch You collected 5739 gold pieces.
You spent 2176 gold pieces at shops.
You paid 2268 gold pieces to Gozag.

Inventory:

Hand Weapons
 a - a +0 war axe
 b - a +0 flail
 d - a +2 heavy morningstar
 j - a +0 broad axe of venom
 m - the +6 lajatang of Por Lein {flame, *Slow rPois Will+}
   (You bought it in a shop in the Dungeon)

   rPois:     It protects you from poison Will+: It increases your willpower.
   *Slow:     It may slow you when you take damage.
 n - a +3 broad axe of freezing (weapon)
Armour
 c - a +2 pair of boots of stealth (worn)
 f - a +4 scale mail of fire resistance (worn)
 g - a +1 kite shield of protection (worn)
Scrolls
 l - a scroll of torment
 o - a scroll of poison {unknown}
Potions
 e - a potion of curing
 h - 2 potions of magic
 k - 3 potions of mutation
 p - 2 potions of enlightenment
Miscellaneous
 i - a phial of floods


   Skills:
 + Level 15.7 Fighting
 - Level 18.0 Axes
 + Level 6.9 Armour
 + Level 4.0 Dodging
 + Level 6.9 Shields
 + Level 4.2 Spellcasting
 + Level 5.6 Necromancy


You had 14 spell levels left.
You knew the following spells:

 Your Spells              Type           Power      Damage    Failure   Level
a - Vampiric Draining     Necr           12%        2d6       19%         3

Your spell library contained the following spells:

 Spells                   Type           Power      Damage    Failure   Level
 Slow                     Hex            4%         N/A       54%         1
 Confusing Touch          Hex            1%         N/A       89%         3
 Sigil of Binding         Hex            1%         N/A       89%         3


Dungeon Overview and Level Annotations

Branches:
Dungeon (1/1)

Altars:
Cheibriados
Dithmenos
Elyvilon
Fedhas
Gozag
Hepliaklqana
Kikubaaqudgha
Makhleb
Nemelex Xobeh
Okawaru
Qazlal
Ru
Sif Muna
Trog
Uskayaw
Vehumet
Wu Jian
Xom
Yredelemnul
Zin
The Shining One
Beogh
Jiyva
Lugonu

Shops:
D [:([


Innate Abilities, Weirdness & Mutations

Your spellcasting is much less encumbered by armour.
You can use scrolls of enchantment on lesser artefacts.


Message History

The tyrant leech draws strength from your injuries!
You hit the tyrant leech. You freeze the tyrant leech.
The tyrant leech is lightly wounded.
The tyrant leech bites you.
The tyrant leech draws strength from your injuries!
You closely miss the tyrant leech.
The tyrant leech is lightly wounded.
The tyrant leech bites you!!
The tyrant leech draws strength from your injuries!
You slash the tyrant leech! You freeze the tyrant leech.
The tyrant leech is moderately wounded.
You miss the tyrant leech.
The tyrant leech is moderately wounded.
The tyrant leech bites you!!
The tyrant leech draws strength from your injuries!
You hit the tyrant leech. You freeze the tyrant leech.
The tyrant leech is moderately wounded.
You block the tyrant leech's attack.
You hit the tyrant leech. You freeze the tyrant leech.
The tyrant leech is moderately wounded.
You miss the tyrant leech.
The tyrant leech is moderately wounded.
The tyrant leech bites you!
* * * LOW HITPOINT WARNING * * *
The tyrant leech draws strength from your injuries!
You slice the tyrant leech!! You freeze the tyrant leech.
The tyrant leech is severely wounded.
The tyrant leech bites you but does no damage.
You closely miss the tyrant leech.
The tyrant leech is severely wounded.
You closely miss the tyrant leech.
The tyrant leech is severely wounded.
The tyrant leech bites you!!
* * * LOW HITPOINT WARNING * * *
The tyrant leech draws strength from your injuries!
You miss the tyrant leech.
The tyrant leech is heavily wounded.
The tyrant leech bites you!
You die...
Your body crumbles into a pile of gold.

▓▓▓▓▓▓▓▓▓▓▓▓▓▓▓▓▓▓▓▓▓▓▓▓▓▓▓▓▓▓▓▓▓
♣♣~~~........~~~
+♣♣'♣≈≈≈≈≈≈≈≈≈≈≈≈♣
#.~♣♣♣♣♣♣♣♣♣♣♣♣♣♣♣ #..♣♣ ###'♣
♣♣♣♣.# ♣.w.## ♣♣@## ♣..# ♣♣.# .#
.. ###


You could see a tyrant leech.

Vanquished Creatures
  Erolcha (D)
  A deep elf pyromancer (D)
  2 cane toads (D)
  A komodo dragon (D)
  3 wandering mushrooms (D)
  A shadow (D)
  3 redbacks (D)
  A spatial vortex (D)
  An orc warrior (D)
  5 two-headed ogres (D)
  A weeping skull (D)
  A water elemental (D)
  A wight (D)
  A burial acolyte (D)
  A jelly (D)
  2 orc priests (D)
  Jessica (D)
  A kobold demonologist (D)
  3 humans (D)
  A phantom (D)
  15 orcs (D)
  An endoplasm (D)
  2 rats (D)
50 creatures vanquished.

Vanquished Creatures (others)
  A ballistomycete spore (D)
1 creature vanquished.

Grand Total: 51 creatures vanquished

Notes
Turn   | Place    | Note
-------+----------+-------------------------------------------
     0 | D        | rocky1 the Mountain Dwarf Fighter began the quest for the
                  | Orb.
     0 | D        | Reached XP level 1. HP: 19/19 MP: 1/1
     6 | D        | Reached skill level 3 in Axes
    15 | D        | Noticed Jessica
    22 | D        | Killed Jessica
    23 | D        | Reached skill level 5 in Fighting
    23 | D        | Reached skill level 6 in Axes
    23 | D        | Reached XP level 2. HP: 17/29 MP: 2/2
    23 | D        | Reached XP level 3. HP: 21/36 MP: 3/3
   161 | D        | Reached skill level 7 in Axes
   296 | D        | Noticed a water elemental
   303 | D        | Killed a water elemental
   304 | D        | Reached skill level 9 in Axes
   304 | D        | Reached XP level 4. HP: 45/45 MP: 4/4
   450 | D        | Reached skill level 10 in Axes
   450 | D        | Reached XP level 5. HP: 46/52 MP: 5/5
   470 | D        | Noticed a shadow
   476 | D        | Killed a shadow
   477 | D        | Reached skill level 12 in Axes
   477 | D        | Reached XP level 6. HP: 54/62 MP: 6/6
   607 | D        | Found a blossoming altar of Fedhas.
   607 | D        | Found a stormy altar of Qazlal.
   607 | D        | Found a snail-covered altar of Cheibriados.
   607 | D        | Found a burning altar of Makhleb.
   607 | D        | Found a shimmering altar of Xom.
   608 | D        | Found a hazy altar of Hepliaklqana.
   608 | D        | Found an opulent altar of Gozag.
   608 | D        | Found a sparkling altar of Nemelex Xobeh.
   608 | D        | Found a corrupted altar of Lugonu.
   608 | D        | Found a viscous altar of Jiyva.
   608 | D        | Noticed a spatial vortex
   612 | D        | Became a worshipper of Gozag Ym Sagoz the Greedy
   849 | D        | Killed a spatial vortex
   850 | D        | Reached skill level 13 in Axes
   867 | D        | Found a basalt altar of Yredelemnul.
   867 | D        | Found a shadowy altar of Dithmenos.
   867 | D        | Found a sacrificial altar of Ru.
   872 | D        | Reached skill level 10 in Fighting
   872 | D        | Reached skill level 14 in Axes
   883 | D        | Reached XP level 7. HP: 38/72 MP: 7/7
  1099 | D        | Found a radiant altar of Vehumet.
  1099 | D        | Found a shimmering blue altar of Sif Muna.
  1099 | D        | Found an ancient bone altar of Kikubaaqudgha.
  1103 | D        | Reached skill level 15 in Axes
  1120 | D        | Learned a level 3 spell: Vampiric Draining
  1127 | D        | Found a glowing silver altar of Zin.
  1127 | D        | Found a glowing golden altar of the Shining One.
  1127 | D        | Found a white marble altar of Elyvilon.
  1128 | D        | Noticed a deep elf pyromancer
  1135 | D        | Killed a deep elf pyromancer
  1136 | D        | Reached skill level 16 in Axes
  1136 | D        | Reached XP level 8. HP: 68/83 MP: 8/8
  1183 | D        | Found a hide-covered altar of Uskayaw.
  1183 | D        | Found a roughly hewn altar of Beogh.
  1183 | D        | Found an iron altar of Okawaru.
  1183 | D        | Found a bloodstained altar of Trog.
  1183 | D        | Found an ornate altar of the Wu Jian Council.
  1192 | D        | Reached skill level 17 in Axes
  1300 | D        | Reached skill level 18 in Axes
  1301 | D        | HP: 3/85 [two-headed ogre/+0 giant club (18)]
  1662 | D        | Noticed a two-headed ogre
  1672 | D        | Killed a two-headed ogre
  1840 | D        | Found Qelueg's Armour Shop.
  1858 | D        | Reached XP level 9. HP: 81/96 MP: 9/9
  1951 | D        | Bought a +4 scale mail of fire resistance for 434 gold
                  | pieces
  1951 | D        | Bought a +1 kite shield of protection for 231 gold pieces
  2009 | D        | Noticed Erolcha
  2009 | D        | Noticed a two-headed ogre
  2023 | D        | Killed Erolcha
  2024 | D        | Reached skill level 15 in Fighting
  2029 | D        | Killed a two-headed ogre
  2030 | D        | Reached skill level 5 in Armour
  2030 | D        | Reached skill level 5 in Shields
  2398 | D        | Noticed a wandering mushroom
  2426 | D        | Noticed a wandering mushroom
  2429 | D        | Noticed a wandering mushroom
  2589 | D        | Noticed a cane toad
  2589 | D        | Noticed a komodo dragon
  2589 | D        | Noticed a cane toad
  2609 | D        | Killed a cane toad
  2612 | D        | Killed a cane toad
  2613 | D        | Reached skill level 5 in Necromancy
  2613 | D        | Reached XP level 10. HP: 92/106 MP: 15/15
  2868 | D        | Bought a +2 pair of boots of stealth for 322 gold pieces
  2875 | D        | Bought a glowing morningstar for 203 gold pieces
  2875 | D        | Bought a runed broad axe for 203 gold pieces
  2875 | D        | Bought an iridescent lajatang for 580 gold pieces
  2875 | D        | Identified the +6 lajatang of Por Lein {flame, *Slow rPois
                  | Will+} (You bought it in a shop in the Dungeon)
  2875 | D        | Bought a runed broad axe for 203 gold pieces
  2920 | D        | Mangled by a tyrant leech

Illustrated notes

Levels and vault maps discovered:
D:        dungeon_sprint_mu [sprint_mu_entry_forest, sprint_mu_temple_rooms,
          sprint_mu_d1_spiders, sprint_mu_d2_genie, sprint_mu_d3_branching,
          sprint_mu_orc_legion, sprint_mu_elf_gauntlet, sprint_mu_hive_nellie,
          sprint_mu_lair_fedhas, sprint_mu_vaults_butterflies,
          sprint_mu_slime_circle, sprint_mu_swamp_cave, sprint_mu_snake_twists,
          sprint_mu_blade_basic, sprint_mu_crypt_fortress,
          sprint_mu_tomb_spiral, sprint_mu_vestibule_basic,
          sprint_mu_gehenna_hellfire, sprint_mu_dis_giant,
          sprint_mu_tartarus_statrot, sprint_mu_cocytus_islands, sprint_mu_zot1]

Skill      XL: |  1  2  3  4  5  6  7  8  9 10 |
---------------+-------------------------------+-----
Axes           | 6 9 10 12 14 16 18 | 18.0
Fighting       | 5 6 7 8 10 11 14 15 | 15.7
Armour         | 6 |  6.9
Dodging        | 3 4 |  4.0
Shields        | 6 |  6.9
Spellcasting   | 3 4 |  4.2
Necromancy     | 5 |  5.6

Action                     |  1- 3 |  4- 6 |  7- 9 | 10-12 || total
---------------------------+-------+-------+-------+-------++-------
  Melee: War axe           |    38 |    28 |   145 |    13 ||   224
         Broad axe         |       |       |       |    12 ||    12
 Invoke: Call Merchant     |       |       |       |     3 ||     3
    Use: Potion            |     1 |       |     6 |       ||     7
         Scroll            |       |       |     4 |       ||     4
   Stab: Distracted        |       |       |     1 |       ||     1
 Armour: Scale mail        |    24 |    15 |    68 |    15 ||   122
  Dodge: Dodged            |    14 |     7 |    34 |     2 ||    57
  Block: Buckler           |     8 |     2 |     6 |       ||    16
         Kite shield       |       |       |    16 |     3 ||    19

Table legend: (Time is in decaauts)
 A = Elapsed time spent in this place.
 B = Non-inter-level travel time spent in this place.
 C = Inter-level travel time spent in this place.
 D = Time resting spent in this place.
 E = Time spent auto-exploring this place.
 F = Levels seen in this place.
 G = Mean time per level.
                   A        B        C        D        E       F      G
               +--------+--------+--------+--------+--------+-----+--------+
         Total |   2885 |   2822 |     63 |   1979 |      0 |   1 | 2885.0 |
       Dungeon |   2885 |   2822 |     63 |   1979 |      0 |   1 | 2885.0 |
               +--------+--------+--------+--------+--------+-----+--------+

Top non-repeatable levels by time:
       D: 2885 daAuts
